 Dungeon Crawl Stone Soup version 0.22-a0-525-gf69a080 (webtiles) character file.

44 Amnesiac the Digger (level 3, 0/16 HPs)
             Began as a Spriggan Earth Elementalist on June 21, 2018.
             Was an Initiate of Ashenzari.
             Slain by a gnoll
             ... wielding a +0 spear
              (6 damage)
             ... on level 2 of the Dungeon.
             The game lasted 00:02:50 (2058 turns).

Amnesiac the Digger (Spriggan Earth Elementalist)   Turns: 2058, Time: 00:02:51

Health: 0/16       AC:  2    Str:  4    XL:     3   Next: 39%
Magic:  7/8        EV:  9    Int: 17    God:    Ashenzari [......]
Gold:   90         SH:  0    Dex: 16    Spells: 5/8 levels left

rFire    . . .     SeeInvis +   m - +0 dagger
rCold    . . .     Gourm    .   (shield restricted)
rNeg     . . .     Faith    .   c - +0 robe
rPois    .         Spirit   .   (helmet restricted)
rElec    .         Reflect  .   (no cloak)
rCorr    .         Harm     .   (gloves unavailable)
MR       .....                  (boots unavailable)
Stlth    ++........             (no amulet)
HPRegen  0.05/turn              (no ring)
MPRegen  0.11/turn              (no ring)

@: held, very quick
A: very small, unfitting armour, see invisible, herbivore, speed 3, slow
metabolism 2
a: Curse Item, Renounce Religion


You were on level 2 of the Dungeon.
You worshipped Ashenzari.
Ashenzari was noncommittal.
You were not hungry.

You visited 1 branch of the dungeon, and saw 2 of its levels.

You collected 90 gold pieces.

Inventory:

Hand Weapons
 m - a +0 dagger (weapon)
Missiles
 b - 17 stones (quivered)
Armour
 c - a +0 robe (worn)
 l - a +0 cloak
Scrolls
 a - a scroll of fog {!r, unknown}
 e - 3 scrolls of enchant weapon {!r, unknown}
 h - a scroll of noise {!r, unknown}
 k - 2 scrolls of identify {!r, unknown}
Potions
 f - a potion of curing {!q, unknown}
 g - 2 potions of flight {!q, unknown}
 i - a potion of lignification {!q, unknown}
 j - a potion of agility {!q, unknown}
 n - a potion of degeneration {!q, unknown}
Comestibles
 d - 3 rations


   Skills:
 + Level 1.1 Short Blades
 - Level 3.0 Dodging
 - Level 3.0 Stealth
 + Level 3.0 Spellcasting
 + Level 3.1 Transmutations
 * Level 3.1 Earth Magic


You had 5 spell levels left.
You knew the following spells:

 Your Spells              Type           Power        Failure   Level  Hunger
a - Sandblast             Erth           ##....       4%          1    None
b - Passwall              Tmut/Erth      ##......     8%          2    ##.....

Your spell library contained the following spells:

 Spells                   Type           Power        Failure   Level  Hunger
 Stone Arrow              Conj/Erth      #.....       28%         3    ###....
 Lee's Rapid Deconstruct  Erth           ##........   80%         5    ######.
 Petrify                  Tmut/Erth      ##......     43%         4    ####...


Dungeon Overview and Level Annotations

Branches:
Dungeon (2/15)

Altars:
Ashenzari


Innate Abilities, Weirdness & Mutations

You are very small and have problems with some larger weapons.
You are too small for most types of armour.
You have supernaturally acute eyesight. (SInv)
You are a herbivore.
You cover ground extremely quickly.
You need to consume almost no food.


Message History

Casting: Sandblast (safe; 4% risk of failure)
Confirm with . or Enter, or press ? or * to list all spells.
Aiming: Sandblast (safe; 4% risk of failure)
Press: ? - help, Shift-Dir - straight line, f - hobgoblin
Aim: a hobgoblin, wielding a club The blast of sand hits the hobgoblin.
You kill the hobgoblin!
b - 18 stones Unknown command.
Things that are here:
an uncursed club; a hobgoblin corpse Sorry, you're a herbivore.
You start resting.
Magic restored.
You start resting.
Magic restored.
You start resting.
HP restored.
Found a stone staircase leading down.
A frilled lizard comes into view.
A frilled lizard is nearby!
A frilled lizard is nearby!
A frilled lizard is nearby!
A frilled lizard is nearby!
You barely miss the frilled lizard. You hit the frilled lizard.
The frilled lizard is heavily wounded.
The frilled lizard closely misses you.
You closely miss the frilled lizard.
The frilled lizard is heavily wounded.
The frilled lizard bites you but does no damage.
You closely miss the frilled lizard.
The frilled lizard is heavily wounded.
The frilled lizard bites you.
You hit the frilled lizard.
You kill the frilled lizard!
You see here a frilled lizard corpse.
No target in view!
Found an uncursed leather armour.
You see here an uncursed leather armour. 3 gnolls come into view.
There are monsters nearby!
There are monsters nearby!
A gnoll comes into view. It is wielding a spear.
Casting: Sandblast (safe; 4% risk of failure)
Confirm with . or Enter, or press ? or * to list all spells.
Aiming: Sandblast (safe; 4% risk of failure)
Press: ? - help, Shift-Dir - straight line, f - gnoll
Aim: a gnoll, wielding a spear (resting)
The blast of sand hits the gnoll.
The gnoll is heavily wounded.
The gnoll shouts!
b - 17 stones The gnoll shouts! x2
The gnoll throws a throwing net.
The throwing net hits you.
You become entangled in the net!
Unknown command.
You struggle against the net.
A leopard gecko comes into view.
The gnoll hits you from afar with a spear!
* * * LOW HITPOINT WARNING * * *
You struggle against the net.
The gnoll hits you from afar with a spear.
You die...

## #.# .#
.... #.#
.. ...l
#.# .#
..... #.#
.# .....
#.# .#
...... #[#
.#
......##.#
##
.......#.#
#
..g...g@.#
.....g.###
....g..
#######


You could see 4 gnolls and a leopard gecko (wandering).

Vanquished Creatures
  An ooze (D:1)
  2 worms (D:2)
  3 giant cockroaches
  3 goblins
  5 hobgoblins
  4 bats
  4 frilled lizards
  5 kobolds
  5 rats (D:1)
32 creatures vanquished.

Notes
Turn   | Place    | Note
-------+----------+-------------------------------------------
     0 | D:1      | Amnesiac the Spriggan Earth Elementalist began the quest for the Orb.
     0 | D:1      | Reached XP level 1. HP: 9/9 MP: 5/5
   134 | D:2      | Found a shattered altar of Ashenzari.
   140 | D:2      | Became a worshipper of Ashenzari the Shackled
   215 | D:1      | Reached XP level 2. HP: 10/13 MP: 5/7
   235 | D:1      | Learned a level 2 spell: Passwall
  1608 | D:2      | Reached XP level 3. HP: 13/16 MP: 4/8
  1909 | D:2      | Reached skill level 1 in Short Blades
  2058 | D:2      | Slain by a gnoll

Vault maps used:
D:1:      minmay_arrival_cross
D:2:      ashenzari_altar_1, first_ration, uniq_crazy_yiuf_cottage

Skill      XL: |  1  2  3 |
---------------+----------+-----
Earth Magic    | 3 |  3.1
Spellcasting   | 3 |  3.0
Transmutations | 3 |  3.1
Short Blades   | 1 |  1.1
Dodging        | |  3.0
Stealth        | |  3.0

Action                   || total
-------------------------++-------
Melee: Unarmed           ||    95
       Dagger            ||    44
 Cast: Sandblast         ||    45
 Stab: Sleeping          ||     3
Armor: Robe              ||    19
Dodge: Dodged            ||   156

Table legend:
 A = Spawn XP
 B = Non-spawn XP
 C = Spawn XP percentage of total XP
 D = Spawn monster count
 E = Non-spawn monster count
 F = Spawn count percentage of total count
 G = Total turns spent on level
                    A         B        C        D         E        F      G
               +---------+---------+-------+---------+---------+-------+---------
         Total |       0 |      63 |   0.0 |       0 |      32 |   0.0 |  2058
               +---------+---------+-------+---------+---------+-------+---------
           D:1 |       0 |      27 |   0.0 |       0 |      15 |   0.0 |  1295
           D:2 |       0 |      36 |   0.0 |       0 |      17 |   0.0 |   763
               +---------+---------+-------+---------+---------+-------+---------
